ITL
WISCONSIN TIMBER RATTLERS @ INDIANA HOUNDS
09/18/2025
 
TOP OF THE 1ST
Wisconsin Timber Rattlers batting - Pitching for Indiana Hounds : RHP Claudio Martínez
Pitching: RHP Claudio Martínez
Batting: RHB Emílio Carrillo 0-0: Ball
1-0: Fly out, F9 (Line Drive, 89S)
Batting: RHB Murdoch Norton 0-0: Ball
1-0: Ball
2-0: Ball
3-0: Base on Balls
Batting: RHB William Farmer 0-0: Ball
1-0: Ball
2-0: Ball
3-0: Called Strike
3-1: Called Strike
3-2: Strikes out swinging
Batting: LHB Tony Ortíz 0-0: Fly out, F8 (Flyball, 8LM)
Top of the 1st over - 0 run(s), 0 hit(s), 0 error(s), 1 left on base; Wisconsin 0 - Indiana 0
BOTTOM OF THE 1ST
Indiana Hounds batting - Pitching for Wisconsin Timber Rattlers : LHP Byron Dunn
Pitching: LHP Byron Dunn
Batting: LHB Junior Coates 0-0: Ball
1-0: Foul Ball, location: 2F
1-1: Ball
2-1: Fly out, F8 (Flyball, 8LXD)
Batting: RHB Domingo Romero 0-0: Swinging Strike
0-1: Foul Ball, location: 2F
0-2: Strikes out swinging
Batting: RHB Danny Walker 0-0: Fly out, F8 (Flyball, 8RM)
Bottom of the 1st over - 0 run(s), 0 hit(s), 0 error(s), 0 left on base; Wisconsin 0 - Indiana 0
TOP OF THE 2ND
Wisconsin Timber Rattlers batting - Pitching for Indiana Hounds : RHP Claudio Martínez
Batting: LHB Aroghetto Dionisotti 0-0: Foul Ball, location: 2F
0-1: Ball
1-1: Foul Ball, location: 2F
1-2: Ball
2-2: Foul Ball, location: 2F
2-2: Strikes out looking
Batting: RHB Vicente Vélez 0-0: Ball
1-0: Foul Ball, location: 2F
1-1: Swinging Strike
1-2: Ground out 6-3 (Groundball, 6)
Batting: RHB António Pérez 0-0: Foul Ball, location: 2F
0-1: Ball
1-1: Ball
2-1: Ball
3-1: Called Strike
3-2: Foul Ball, location: 2F
3-2: Base on Balls
Batting: RHB Ulysse Bélisle 0-0: Swinging Strike
0-1: Ball
1-1: Called Strike
1-2: Foul Ball, location: 2F
1-2: Strikes out looking
Top of the 2nd over - 0 run(s), 0 hit(s), 0 error(s), 1 left on base; Wisconsin 0 - Indiana 0
BOTTOM OF THE 2ND
Indiana Hounds batting - Pitching for Wisconsin Timber Rattlers : LHP Byron Dunn
Batting: RHB Doug Murray 0-0: Swinging Strike
0-1: Ball
1-1: Called Strike
1-2: Strikes out swinging
Batting: LHB Dave Helásquez 0-0: Ball
1-0: Ball
2-0: Fly out, F5 (Popup, 5DF)
Batting: RHB Jorge Rodríguez 0-0: Called Strike
0-1: Ball
1-1: DOUBLE (Line Drive, 5D)
Batting: RHB Paco Castillo 0-0: Ball
1-0: Foul Ball, location: 2F
1-1: Ground out 5-3 (Groundball, 5S)
Bottom of the 2nd over - 0 run(s), 1 hit(s), 0 error(s), 1 left on base; Wisconsin 0 - Indiana 0
TOP OF THE 3RD
Wisconsin Timber Rattlers batting - Pitching for Indiana Hounds : RHP Claudio Martínez
Batting: RHB Joseph Stone 0-0: Foul Ball, location: 2F
0-1: Called Strike
0-2: SINGLE (Groundball, 34D)
Batting: RHB Emílio Carrillo 0-0: Swinging Strike
0-1: Called Strike
0-2: Fly out, F3 (Popup, 3SF)
Batting: RHB Murdoch Norton 0-0: Called Strike
0-1: Foul Ball, location: 2F
0-2: Ball
1-2: Strikes out swinging
Batting: RHB William Farmer 0-0: Foul Ball, location: 2F
0-1: Swinging Strike
0-2: Ball
1-2: Ball
2-2: Foul Ball, location: 2F
2-2: Ball
3-2: Strikes out looking
Top of the 3rd over - 0 run(s), 1 hit(s), 0 error(s), 1 left on base; Wisconsin 0 - Indiana 0
BOTTOM OF THE 3RD
Indiana Hounds batting - Pitching for Wisconsin Timber Rattlers : LHP Byron Dunn
Batting: LHB Pepe Vázquez 0-0: Foul Ball, location: 2F
0-1: Ball
1-1: Ground out 4-3 (Groundball, 34)
Batting: RHB Howard Daniel 0-0: Called Strike
0-1: Ball
1-1: Swinging Strike
1-2: Ball
2-2: Strikes out swinging
Batting: LHB Junior Coates 0-0: Ball
1-0: Called Strike
1-1: SINGLE (Flyball, 89S)
Batting: RHB Domingo Romero 0-0: Called Strike
0-1: Ball
1-1: Ball
2-1: Fly out, F9 (Flyball, 89M)
Bottom of the 3rd over - 0 run(s), 1 hit(s), 0 error(s), 1 left on base; Wisconsin 0 - Indiana 0
TOP OF THE 4TH
Wisconsin Timber Rattlers batting - Pitching for Indiana Hounds : RHP Claudio Martínez
Batting: LHB Tony Ortíz 0-0: Ball
1-0: Ground out 4-3 (Groundball, 4)
Batting: LHB Aroghetto Dionisotti 0-0: Ball
1-0: Foul Ball, location: 2F
1-1: Ball
2-1: Foul Ball, location: 2F
2-2: Foul Ball, location: 2F
2-2: Foul Ball, location: 2F
2-2: Foul Ball, location: 2F
2-2: Foul Ball, location: 2F
2-2: SINGLE (Line Drive, 56)
Batting: RHB Vicente Vélez 0-0: Called Strike
0-1: Swinging Strike
0-2: Ball
1-2: Foul Ball, location: 2F
1-2: DOUBLE (Flyball, 89D)
Aroghetto Dionisotti to third
Batting: RHB António Pérez 0-0: Called Strike
0-1: Foul Ball, location: 2F
0-2: Ground out U3 (Groundball, 3S)
Batting: RHB Ulysse Bélisle 0-0: Ball
1-0: Ball
2-0: Swinging Strike
2-1: 3-RUN HOME RUN (Flyball, 78XD), Distance : 388 ft
Batting: RHB Joseph Stone 0-0: Foul Ball, location: 2F
0-1: Foul Ball, location: 2F
0-2: Foul Ball, location: 2F
0-2: Strikes out swinging
Top of the 4th over - 3 run(s), 3 hit(s), 0 error(s), 0 left on base; Wisconsin 3 - Indiana 0
BOTTOM OF THE 4TH
Indiana Hounds batting - Pitching for Wisconsin Timber Rattlers : LHP Byron Dunn
Batting: RHB Danny Walker 0-0: Ground out 5-3 (Groundball, 5L)
Batting: RHB Doug Murray 0-0: Ground out 6-3 (Groundball, 6)
Batting: LHB Dave Helásquez 0-0: Foul Ball, location: 2F
0-1: Foul Ball, location: 2F
0-2: Fly out, F8 (Flyball, 8LM)
Bottom of the 4th over - 0 run(s), 0 hit(s), 0 error(s), 0 left on base; Wisconsin 3 - Indiana 0
TOP OF THE 5TH
Wisconsin Timber Rattlers batting - Pitching for Indiana Hounds : RHP Claudio Martínez
Batting: RHB Emílio Carrillo 0-0: Ball
1-0: Ball
2-0: Foul Ball, location: 2F
2-1: Swinging Strike
2-2: SINGLE (Flyball, 89S)
Batting: RHB Murdoch Norton 0-0: Ball
1-0: Ball
2-0: Foul Ball, location: 2F
2-1: Grounds into double play, U4-3 (Groundball, 4)
Batting: RHB William Farmer 0-0: Foul Ball, location: 2F
0-1: Ball
1-1: Called Strike
1-2: Ball
2-2: SINGLE (Flyball, 9LS)
Pitching: LHP Dennis Taylor
Batting: LHB Tony Ortíz 0-0: Ball
1-0: Foul Ball, location: 2F
1-1: Called Strike
1-2: Foul Ball, location: 2F
1-2: Foul Ball, location: 2F
1-2: SINGLE (Groundball, 34D)
William Farmer to second
William Farmer to third
Batting: LHB Aroghetto Dionisotti 0-0: Ball
1-0: SINGLE (Line Drive, 4MD)
William Farmer scores
Tony Ortíz to second
Batting: RHB Vicente Vélez 0-0: Called Strike
0-1: Swinging Strike
0-2: Strikes out swinging
Top of the 5th over - 1 run(s), 4 hit(s), 0 error(s), 2 left on base; Wisconsin 4 - Indiana 0
BOTTOM OF THE 5TH
Indiana Hounds batting - Pitching for Wisconsin Timber Rattlers : LHP Byron Dunn
Batting: RHB Jorge Rodríguez 0-0: Ground out 6-3 (Groundball, 6)
Batting: RHB Paco Castillo 0-0: Ball
1-0: DOUBLE (Line Drive, 89S)
Batting: LHB Pepe Vázquez 0-0: Ball
1-0: Called Strike
1-1: SINGLE (Line Drive, 8RS)
Paco Castillo to third
Runner from 3rd tries for Home, SAFE, no throw or cutoff
Batting: RHB Howard Daniel 0-0: Called Strike
0-1: Ball
1-1: Foul Ball, location: 2F
1-2: Reached on error, E5 (Groundball, 5S)
Pepe Vázquez to second
Batting: LHB Junior Coates 0-0: Foul Ball, location: 2F
0-1: Ball
1-1: Ball
2-1: Swinging Strike
2-2: Foul Ball, location: 2F
2-2: Ball
3-2: Strikes out looking
Batting: RHB Domingo Romero 0-0: Reached on Error, E4 (Popup, 34D)
Pepe Vázquez to third
Howard Daniel to second
Batting: RHB Danny Walker 0-0: Called Strike
0-1: SINGLE (Line Drive, 34)
Pepe Vázquez scores
Howard Daniel to third
Domingo Romero to second
Runner from 3rd tries for Home, SAFE, no throw or cutoff
Batting: RHB Doug Murray 0-0: Swinging Strike
0-1: Ball
1-1: Ball
2-1: Foul Ball, location: 2F
2-2: Ground out 6-3 (Groundball, 6)
Bottom of the 5th over - 3 run(s), 3 hit(s), 2 error(s), 2 left on base; Wisconsin 4 - Indiana 3
TOP OF THE 6TH
Wisconsin Timber Rattlers batting - Pitching for Indiana Hounds : LHP Dennis Taylor
Batting: RHB António Pérez 0-0: Ball
1-0: Foul Ball, location: 2F
1-1: SINGLE (Flyball, 8LS)
Batting: RHB Ulysse Bélisle 0-0: Called Strike
0-1: Called Strike
0-2: Foul Ball, location: 2F
0-2: Fly out, F8 (Flyball, 89M)
Batting: RHB Joseph Stone 0-0: Ball
1-0: Ball
2-0: Called Strike
2-1: Grounds into double play, 6-4-3 (Groundball, 56)
Top of the 6th over - 0 run(s), 1 hit(s), 0 error(s), 0 left on base; Wisconsin 4 - Indiana 3
BOTTOM OF THE 6TH
Indiana Hounds batting - Pitching for Wisconsin Timber Rattlers : LHP Byron Dunn
Batting: LHB Dave Helásquez 0-0: DOUBLE (Line Drive, 78M)
Batting: RHB Jorge Rodríguez 0-0: Ball
1-0: Called Strike
1-1: Called Strike
1-2: Strikes out swinging
Batting: RHB Paco Castillo 0-0: Ball
1-0: Ball
2-0: Called Strike
2-1: Swinging Strike
2-2: Ground out 5-3 (Groundball, 56)
Batting: LHB Pepe Vázquez 0-0: Ball
1-0: Foul Ball, location: 2F
1-1: Swinging Strike
1-2: Strikes out swinging
Bottom of the 6th over - 0 run(s), 1 hit(s), 0 error(s), 1 left on base; Wisconsin 4 - Indiana 3
TOP OF THE 7TH
Wisconsin Timber Rattlers batting - Pitching for Indiana Hounds : LHP Dennis Taylor
Pitching: RHP Alvin Heath
Batting: RHB Emílio Carrillo 0-0: Ball
1-0: Ball
2-0: Called Strike
2-1: Swinging Strike
2-2: Ball
3-2: Foul Ball, location: 2F
3-2: SINGLE (Flyball, 7S)
Batting: RHB Murdoch Norton 0-0: Sac Bunt - play at first, batter OUT! 1-4
Emílio Carrillo to second
Batting: RHB William Farmer 0-0: Intentional Walk
Pitching: LHP Ian DeMichelis
Pinch Hitting: RHB Chris Walker 0-0: Ball
1-0: Ball
2-0: Called Strike
2-1: Swinging Strike
2-2: Fly out, F9 (Flyball, 9M)
Batting: LHB Aroghetto Dionisotti 0-0: Ball
1-0: Ball
2-0: Foul Ball, location: 2F
2-1: Foul Ball, location: 2F
2-2: Ball
3-2: Foul Ball, location: 2F
3-2: Base on Balls
Emílio Carrillo to third
William Farmer to second
Batting: RHB Vicente Vélez 0-0: Ball
1-0: Fly out, F7 (Flyball, 7D)
Top of the 7th over - 0 run(s), 1 hit(s), 0 error(s), 3 left on base; Wisconsin 4 - Indiana 3
BOTTOM OF THE 7TH
Indiana Hounds batting - Pitching for Wisconsin Timber Rattlers : LHP Byron Dunn
Now in RF: Chris Walker
Batting: RHB Howard Daniel 0-0: Called Strike
0-1: Ball
1-1: Ball
2-1: SINGLE (Line Drive, 4MD)
Pitching: RHP Richard Hardin
Batting: LHB Junior Coates 0-0: Called Strike
0-1: Grounds into double play, 5-4-3 (Groundball, 5)
Batting: RHB Domingo Romero 0-0: Foul Ball, location: 2F
0-1: Ball
1-1: Ground out 5-3 (Groundball, 56)
Bottom of the 7th over - 0 run(s), 1 hit(s), 0 error(s), 0 left on base; Wisconsin 4 - Indiana 3
TOP OF THE 8TH
Wisconsin Timber Rattlers batting - Pitching for Indiana Hounds : LHP Ian DeMichelis
Batting: RHB António Pérez 0-0: Called Strike
0-1: Called Strike
0-2: Strikes out swinging
Batting: RHB Ulysse Bélisle 0-0: Ball
1-0: Ball
2-0: Ball
3-0: Called Strike
3-1: Called Strike
3-2: Ground out 4-3 (Groundball, 4)
Batting: RHB Joseph Stone 0-0: Ball
1-0: Ball
2-0: Called Strike
2-1: Fly out, F4 (Popup, 4D)
Top of the 8th over - 0 run(s), 0 hit(s), 0 error(s), 0 left on base; Wisconsin 4 - Indiana 3
BOTTOM OF THE 8TH
Indiana Hounds batting - Pitching for Wisconsin Timber Rattlers : RHP Richard Hardin
Pitching: RHP Andy Parker
Batting: RHB Danny Walker 0-0: Called Strike
0-1: Fly out, F7 (Line Drive, 7LM)
Batting: RHB Doug Murray 0-0: Ball
1-0: Ball
2-0: SOLO HOME RUN (Flyball, 7LD), Distance : 323 ft
Pitching: LHP José García
Pinch Hitting: RHB Juan Valverde 0-0: Foul Ball, location: 2F
0-1: Ball
1-1: Ball
2-1: Ball
3-1: Base on Balls
Pitching: RHP Mike Brown
Batting: RHB Jorge Rodríguez 0-0: Ball
1-0: Called Strike
1-1: Ball
2-1: Called Strike
2-2: Strikes out swinging
Pinch Hitting: LHB Clint Parkinson 0-0: Ball
1-0: Called Strike
1-1: Ball
2-1: Ground out 4-3 (Groundball, 4)
Bottom of the 8th over - 1 run(s), 1 hit(s), 0 error(s), 1 left on base; Wisconsin 4 - Indiana 4
TOP OF THE 9TH
Wisconsin Timber Rattlers batting - Pitching for Indiana Hounds : LHP Ian DeMichelis
Pitching: LHP Pedro Torres
Now at C: Juan Valverde
Now at 1B: Clint Parkinson
Batting: RHB Emílio Carrillo 0-0: Called Strike
0-1: Ball
1-1: Ball
2-1: Foul Ball, location: 2F
2-2: Foul Ball, location: 2F
2-2: SINGLE (Groundball, 56D)
Batting: RHB Murdoch Norton 0-0: Bunted foul
0-1: Sac Bunt - play at second, runner OUT -> throw to first, DP!
Batting: RHB William Farmer 0-0: Swinging Strike
0-1: Ball
1-1: Swinging Strike
1-2: Strikes out swinging
Top of the 9th over - 0 run(s), 1 hit(s), 0 error(s), 0 left on base; Wisconsin 4 - Indiana 4
BOTTOM OF THE 9TH
Indiana Hounds batting - Pitching for Wisconsin Timber Rattlers : RHP Mike Brown
Batting: LHB Pepe Vázquez 0-0: Swinging Strike
0-1: Called Strike
0-2: Ball
1-2: SINGLE (Groundball, 34S)
Batting: RHB Howard Daniel 0-0: Fly out, F9 (Flyball, 89S)
Batting: LHB Junior Coates 0-0: Ball
Pepe Vázquez is caught stealing 2nd base
1-0: Foul Ball, location: 2F
1-1: Foul Ball, location: 2F
1-2: Ball
2-2: Strikes out swinging
Bottom of the 9th over - 0 run(s), 1 hit(s), 0 error(s), 0 left on base; Wisconsin 4 - Indiana 4
TOP OF THE 10TH
Wisconsin Timber Rattlers batting - Pitching for Indiana Hounds : LHP Pedro Torres
Batting: RHB Chris Walker 0-0: Called Strike
0-1: Foul Ball, location: 2F
0-2: Ball
1-2: Ball
2-2: Ball
3-2: Fly out, F8 (Flyball, 8LM)
Batting: LHB Aroghetto Dionisotti 0-0: Called Strike
0-1: Ball
1-1: Swinging Strike
1-2: Fly out, F9 (Flyball, 89M)
Batting: RHB Vicente Vélez 0-0: Called Strike
0-1: SINGLE (Line Drive, 56D)
Batting: RHB António Pérez 0-0: Ball
1-0: Called Strike
1-1: Ground out 6-3 (Groundball, 6)
Top of the 10th over - 0 run(s), 1 hit(s), 0 error(s), 1 left on base; Wisconsin 4 - Indiana 4
BOTTOM OF THE 10TH
Indiana Hounds batting - Pitching for Wisconsin Timber Rattlers : RHP Mike Brown
Batting: RHB Domingo Romero 0-0: Swinging Strike
0-1: Ball
1-1: Ball
2-1: Ground out 5-3 (Groundball, 56S)
Batting: RHB Danny Walker 0-0: Ball
1-0: Called Strike
1-1: Swinging Strike
1-2: Strikes out swinging
Batting: RHB Doug Murray 0-0: Called Strike
0-1: Ball
1-1: Foul Ball, location: 2F
1-2: Strikes out swinging
Bottom of the 10th over - 0 run(s), 0 hit(s), 0 error(s), 0 left on base; Wisconsin 4 - Indiana 4
TOP OF THE 11TH
Wisconsin Timber Rattlers batting - Pitching for Indiana Hounds : LHP Pedro Torres
Pitching: RHP Teddy Mathews
Batting: RHB Ulysse Bélisle 0-0: Foul Ball, location: 2F
0-1: Ball
1-1: Ball
2-1: Ball
Single, Error in OF, E7, batter to second base
Pinch Hitting: SHB Orlando Lópes 0-0: Ball
1-0: Foul Ball, location: 2F
1-1: Ball
2-1: Ground out 4-3 (Groundball, 4)
Ulysse Bélisle to third
Batting: RHB Emílio Carrillo 0-0: Intentional Walk
Pinch Hitting: LHB Oliver Beltrán 0-0: Ball
1-0: Called Strike
1-1: Foul Ball, location: 2F
1-2: Foul Ball, location: 2F
1-2: Strikes out swinging
Batting: RHB William Farmer 0-0: Ball
1-0: Foul Ball, location: 2F
1-1: Ground out 5-3 (Groundball, 56S)
Top of the 11th over - 0 run(s), 1 hit(s), 1 error(s), 2 left on base; Wisconsin 4 - Indiana 4
BOTTOM OF THE 11TH
Indiana Hounds batting - Pitching for Wisconsin Timber Rattlers : RHP Mike Brown
Now at C: Orlando Lópes
Now at 2B: Oliver Beltrán
Batting: RHB Juan Valverde 0-0: SINGLE (Groundball, 6D)
Batting: RHB Jorge Rodríguez 0-0: Bunt - Flyout! F2
Batting: LHB Clint Parkinson 0-0: Ball
1-0: Ball
2-0: Ball
3-0: Base on Balls
Juan Valverde to second
Batting: LHB Pepe Vázquez 0-0: Foul Ball, location: 2F
0-1: Foul Ball, location: 2F
0-2: Strikes out swinging
Pitching: RHP Jerry Terry
Batting: RHB Howard Daniel 0-0: Called Strike
0-1: Ball
1-1: Ball
2-1: Ball
3-1: Swinging Strike
3-2: Base on Balls
Juan Valverde to third
Clint Parkinson to second
Batting: LHB Junior Coates 0-0: Called Strike
0-1: Ball
1-1: Ball
2-1: GRAND SLAM HOME RUN (Flyball, 89XD), Distance : 446 ft
This league is powered by Out of the Park Baseball, the baseball management simulation game for PC, Mac and Linux
Tuesday, August 2nd, 2016 - OOTP Baseball 16.8 Build 38